 Dungeon Crawl Stone Soup version 0.30-a0-779-g7971cf19c3 (webtiles) character file.

Game seed: 5501685036239200307

106802 retardedninja the Blocker (level 16, -11/129 HPs)
             Began as a Gnoll Fighter on Feb 17, 2023.
             Was an Initiate of Gozag.
             Mangled by an ettin
             ... wielding a +0 dire flail
              (29 damage)
             ... on level 15 of the Dungeon.
             The game lasted 00:50:06 (32466 turns).

retardedninja the Blocker (Gnoll Fighter)          Turns: 32466, Time: 00:50:07

Health: -11/129    AC: 33    Str: 25    XL:     16   Next: 45%
Magic:  0/31       EV: 10    Int:  9    God:    Gozag
Gold:   2708       SH: 18    Dex: 15    Spells: 37/37 levels left

rFire   + + .      SeeInvis .    r - +8 mace of Zozep {spect, Dex+3}
rCold   . . .      Faith    .    x - +0 tower shield
rNeg    + . .      Spirit   +    u - +1 plate armour
rPois   +          Reflect  .    a - +2 helmet
rElec   .          Harm     .    e - +2 cloak
rCorr   .          Rampage  +    n - +1 pair of gloves "Orunorer" {Rampage rPois rF++}
Will    ++...                    B - +1 pair of boots {Stlth+}
Stlth   +                        G - amulet of guardian spirit
HPRegen 0.41/turn                c - ring of Meucigygo {rPois rN+ AC+4 Str+3}
MPRegen 0.22/turn                h - ring of willpower

@: no status effects
A: fangs 1, strong nose, distributed training
a: Renounce Religion, Potion Petition, Call Merchant, Bribe Branch


You were on level 15 of the Dungeon.
You worshipped Gozag.
Gozag was most pleased with you.
You visited 4 branches of the dungeon, and saw 23 of its levels.
You visited the Abyss 1 time.
You also visited: Sewer, Ossuary, Bailey and Volcano.

You collected 9246 gold pieces.
You spent 201 gold pieces at shops.
You paid 6337 gold pieces to Gozag.

Inventory:

Hand Weapons
 r - the +8 mace of Zozep (weapon) {spect, Dex+3}
   (You found it on level 3 of the Dungeon)

   Dex:       It affects your dexterity (+3).
Missiles
 d - 2 throwing nets
 H - 11 boomerangs (quivered)
 I - 3 boomerangs of dispersal
Armour
 a - a +2 helmet (worn)
 e - a +2 cloak (worn)
 n - the +1 pair of gloves "Orunorer" (worn) {Rampage rPois rF++}
   (You acquired it in a bailey)

   rF:        It greatly protects you from fire.
   rPois:     It protects you from poison.
   Rampage:   It bestows one free step when moving towards enemies.
 u - a +1 plate armour (worn)
 x - a +0 tower shield (worn)
 B - a +1 pair of boots of stealth (worn)
Jewellery
 c - the ring of Meucigygo (left hand) {rPois rN+ AC+4 Str+3}
   (You found it on level 5 of the Lair of Beasts)

   [ring of protection]

   AC:        It affects your AC (+4).
   Str:       It affects your strength (+3).
   rPois:     It protects you from poison.
   rN:        It protects you from negative energy.
 h - a ring of willpower (right hand)
 F - a ring of see invisible
 G - an amulet of guardian spirit (around neck)
Wands
 o - a wand of flame (64)
 q - a wand of roots (9)
 C - a wand of polymorph (2)
 E - a wand of paralysis (4)
Scrolls
 b - a scroll of amnesia
 k - 2 scrolls of teleportation
 l - 5 scrolls of identify
 m - a scroll of immolation
 v - 2 scrolls of poison
 y - 4 scrolls of fog
 A - 2 scrolls of magic mapping
 D - a scroll of enchant weapon
Potions
 f - 8 potions of mutation
 g - 4 potions of curing
 i - 2 potions of ambrosia
 p - a potion of lignification
 s - a potion of resistance
 t - a potion of magic
 w - 5 potions of brilliance
 z - 7 potions of cancellation
 J - 4 potions of flight


   Skills:
 + Level 12.9 Fighting
 + Level 11.2 Short Blades
 + Level 11.2 Long Blades
 + Level 12.1 Axes
 + Level 11.2 Maces & Flails
 + Level 11.2 Polearms
 + Level 11.2 Staves
 + Level 11.2 Ranged Weapons
 + Level 11.2 Throwing
 + Level 12.9 Armour
 + Level 11.2 Dodging
 + Level 11.2 Stealth
 + Level 12.9 Shields
 + Level 11.2 Unarmed Combat
 + Level 11.2 Spellcasting
 + Level 9.5 Conjurations
 + Level 9.5 Hexes
 + Level 9.5 Summonings
 + Level 9.5 Necromancy
 + Level 9.5 Translocations
 + Level 9.5 Transmutations
 + Level 9.5 Fire Magic
 + Level 9.5 Ice Magic
 + Level 9.5 Air Magic
 + Level 9.5 Earth Magic
 + Level 9.5 Poison Magic
 + Level 12.2 Invocations
 + Level 11.2 Evocations


You had 37 spell levels left.
You didn't know any spells.
Your spell library contained the following spells:

 Spells                   Type           Power      Damage    Failure   Level
 Apportation              Tloc           44%        N/A       11%         1
 Ensorcelled Hibernation  Hex/Ice        44%        N/A       16%         2
 Passwall                 Tmut/Erth      18%        N/A       16%         2
 Spider Form              Tmut/Pois      22%        N/A       30%         3
 Stone Arrow              Conj/Erth      44%        3d9       30%         3
 Swiftness                Air            22%        N/A       30%         3
 Anguish                  Hex/Necr       11%        N/A       71%         4
 Animate Armour           Summ/Erth      44%        N/A       71%         4
 Petrify                  Tmut/Erth      22%        N/A       71%         4
 Alistair's Intoxication  Tmut/Pois      14%        N/A       96%         5
 Metabolic Englaciation   Hex/Ice        11%        N/A       96%         5
 Starburst                Conj/Fire      11%        6d5       100%        6
 Statue Form              Tmut/Erth      14%        N/A       100%        6
 Enfeeble                 Hex            11%        N/A       100%        7
 Lehudib's Crystal Spear  Conj/Erth      11%        10d4      100%        8


Dungeon Overview and Level Annotations

Branches:
Dungeon (15/15)            Temple (1/1) D:5            Lair (5/5) D:11
 Shoals (0/4) Lair:3        Snake (0/4) Lair:3        Slime (0/5) Lair:4
    Orc (2/2) D:11            Elf (0/3) Orc:2        Vaults (0/5) D:14
 Depths (0/4) D:15          Sewer (visited)         Ossuary (visited)
 Bailey (visited)         Volcano (visited)

Altars:
Ashenzari
Cheibriados
Dithmenos
Elyvilon
Fedhas
Gozag
Kikubaaqudgha
Nemelex Xobeh
Okawaru
Qazlal
Ru
Vehumet
Xom
Yredelemnul
Zin
Lugonu

Shops:
D:1 [   D:12 ?[   Orc:2 *([(

Portals:
Abyss: Lair:5
Trove: D:13 (show slimy rune of Zot)

Annotations:
D:3 1 runed translucent door, Crazy Yiuf
Lair:4 1 runed translucent door


Innate Abilities, Weirdness & Mutations

You have very sharp teeth.
Your uncanny sense of smell can sniff out nearby items.
Your experience applies equally to all skills.


Message History

The deep troll barely misses your manticore.
The deep troll claws your manticore.
Your manticore bites the deep troll but does no damage.
Your manticore claws the deep troll.
Your manticore claws the deep troll but does no damage.
The deep troll bites your manticore!!
The deep troll closely misses your manticore.
The deep troll claws your manticore!!
Your manticore dies!
Your manticore's corpse dissolves into shadows!
Your cyclops hits the deep troll! The deep troll bites your cyclops!!
The deep troll claws your cyclops! The deep troll claws your cyclops.
Your cyclops hits the deep troll!
The deep troll dies!
Your cyclops hits the ettin!
The ettin hits your cyclops with a +0 dire flail.
The ettin hits your cyclops with a +2 heavy dire flail!!
Your cyclops dies!
Your cyclops's corpse dissolves into shadows!
You hit the ettin but do no damage.
The ettin is heavily wounded.
The ettin hits you with a +0 dire flail.
The ettin hits you with a +2 heavy dire flail!
You barely miss the ettin.
The ettin is heavily wounded.
You thump the ettin!
The ettin is heavily wounded.
You block the ettin's attack. x2
The ettin hits you with a +0 dire flail!!
* * * LOW HITPOINT WARNING * * *
The ettin hits you but does no damage.
You thump the ettin!
The ettin is severely wounded.
You barely miss the ettin.
The ettin is severely wounded.
The ettin hits you with a +0 dire flail!!
* * * LOW HITPOINT WARNING * * *
The ettin hits you with a +2 heavy dire flail!!
You die...
Your body crumbles into a pile of gold.

##.#§# #.###§#§#
#....§§§#
#####§C.#
.#######...#
.......)...#
.#######..## #
#..$########.#
#.#....$CC@..#
#.############
#..# ##(# #.#...
#.# #.##.#
#######.##########
#.##.#
.................#
#.##.#
#######.########.#
#.##.# #.# #.#
#.##.#


You could see an ettin and a cyclops.

Vanquished Creatures
  A bone dragon (Abyss:1)
  Rupert (D:14)
  Gastronok (Orc:1)
  A tentacled starspawn (Abyss:2)
  Kirke (Lair:3)
  An orc warlord (Orc:2)
  Azrael (D:14)
  An ettin (Orc:1)
  Harold (Orc:1)
  An ice dragon (Orc:1)
  2 ogre magi (Orc:2)
  Erolcha (D:9)
  A catoblepas (Lair:5)
  A hydra (D:15)
  2 boulder beetles
  6 centaur warriors
  2 tengu warriors
  10 two-headed ogres
  2 thrashing horrors (Lair:5)
  Lodul (D:14)
  Sonja (D:10)
  A deep elf knight (D:13)
  A skeletal warrior (D:13)
  2 deep trolls
  2 skysharks
  2 lindwurms (Volcano)
  2 deep elf zephyrmancers (D:14)
  A necromancer (D:15)
  6 orc knights
  Pikel (D:8)
  3 deep elf pyromancers
  5 ugly things
  5 cyclopes
  4 orc sorcerers
  A manticore (D:12)
  An oklob plant (Lair:3)
  12 elephants
  A salamander (shapeshifter) (D:15)
  An ice statue (Lair:3)
  A demonic crawler (D:13)
  3 black mambas
  2 molten gargoyles (Volcano)
  3 centaur skeletons (D:14)
  A torpor snail (D:13)
  A smoke demon (Lair:5)
  Maggie (D:8)
  An unseen horror (shapeshifter) (Lair:5)
  3 tengu conjurers
  2 rime drakes
  7 cane toads
  4 yaktaurs
  2 efreet (Volcano)
  12 komodo dragons
  A yaktaur (shapeshifter) (Lair:5)
  3 ancient zymes (Lair:5)
  A queen bee (shapeshifter) (Lair:5)
  8 trolls
  A tyrant leech (D:13)
  7 polar bears
  2 hornets (D:9)
  38 blink frogs
  6 dream sheep (Lair:5)
  5 slime creatures
  A shadow (D:12)
  5 wyverns
  2 wraiths
  2 spriggans (Lair:5)
  12 basilisks
  28 yaks
  A hog (Lair:3)
  2 ynoxinuls (Lair:5)
  6 fire elementals
  A basilisk (shapeshifter) (D:15)
  A chaos spawn (Lair:5)
  A neqoxec (Abyss:1)
  9 vampire mosquitoes
  5 swamp worms (D:13)
  A large abomination (Lair:5)
  9 wargs
  6 nagas (Lair:3)
  An acid dragon (D:12)
  4 hell hounds (D:14)
  7 water moccasins
  28 orc warriors
  7 ice beasts
  A sky beast (D:8)
  6 centaurs
  30 ogres
  12 wolves
  A lemure (D:8)
  4 kobold brigands
  12 bullfrogs
  2 elf zombies (Ossuary)
  4 earth elementals (Volcano)
  A scorpion (D:7)
  13 small abominations
  7 wights
  8 killer bees
  3 howler monkeys
  6 electric eels
  A lava snake (D:10)
  2 centaur zombies (Ossuary)
  A human zombie (Ossuary)
  A gnoll bouda (D:8)
  3 jellies
  20 orc priests
  3 hounds
  6 starcursed masses (Abyss:1)
  6 iguanas
  Terence (D:2)
  Natasha (thrice) (D:2)
  A boggart skeleton (D:14)
  28 orc wizards
  4 hound zombies (Ossuary)
  3 mummies (Ossuary)
  Robin (D:3)
  7 gnolls
  7 adders
  3 white imps
  2 ufetubi
  4 adder zombies (Ossuary)
  3 worms
  2 dart slugs
  79 orcs
  9 endoplasms
  4 giant cockroaches
  23 goblins
  12 hobgoblins
  3 jackals (D:2)
  22 kobolds
  4 quokkas
  10 ball pythons
  6 bats
  2 frilled lizards
  3 goblin zombies (Ossuary)
  3 hobgoblin zombies (Ossuary)
  3 jackal zombies (Ossuary)
  5 kobold zombies (Ossuary)
  An orc zombie (Ossuary)
  2 quokka zombies (Ossuary)
  8 rats
  5 rat zombies (Ossuary)
  3 fire vortices (Volcano)
773 creatures vanquished.

Vanquished Creatures (collateral kills)
  A deep troll (D:15)
  A hobgoblin (Bailey)
2 creatures vanquished.

Vanquished Creatures (others)
  2 humans (Lair:3)
  A water moccasin (Lair:3)
  An orc warrior (Orc:2)
  2 orc priests (D:14)
  A starcursed mass (Abyss:1)
  2 orc wizards
  2 goblins (D:9)
  A rat (D:3)
  2 fire vortices (Volcano)
  21 fungi
  21 plants
  2 starspawn tentacles (Abyss:2)
  3 toadstools (D:6)
61 creatures vanquished.

Grand Total: 836 creatures vanquished

Notes
Turn   | Place    | Note
-------+----------+-------------------------------------------
     0 | D:1      | retardedninja the Gnoll Fighter began the quest for the
                  | Orb.
     0 | D:1      | Reached XP level 1. HP: 23/23 MP: 1/1
   306 | D:1      | Reached XP level 2. HP: 29/29 MP: 2/2
   309 | D:1      | Found Ypurchui's Antique Armour Boutique.
   677 | D:2      | Reached XP level 3. HP: 30/35 MP: 3/3
   717 | D:2      | Noticed Natasha
   723 | D:2      | Killed Natasha
   724 | D:2      | Reached skill level 1 in Short Blades
   724 | D:2      | Reached skill level 1 in Long Blades
   724 | D:2      | Reached skill level 1 in Maces & Flails
   724 | D:2      | Reached skill level 1 in Polearms
   724 | D:2      | Reached skill level 1 in Staves
   724 | D:2      | Reached skill level 1 in Ranged Weapons
   724 | D:2      | Reached skill level 1 in Throwing
   724 | D:2      | Reached skill level 1 in Dodging
   724 | D:2      | Reached skill level 1 in Stealth
   724 | D:2      | Reached skill level 1 in Unarmed Combat
   724 | D:2      | Reached skill level 1 in Spellcasting
   724 | D:2      | Reached skill level 1 in Invocations
   724 | D:2      | Reached skill level 1 in Evocations
   826 | D:2      | Noticed Terence
   836 | D:2      | Killed Terence
   837 | D:2      | Reached XP level 4. HP: 9/41 MP: 5/5
  1100 | D:2      | Reached skill level 1 in Conjurations
  1100 | D:2      | Reached skill level 1 in Hexes
  1100 | D:2      | Reached skill level 1 in Summonings
  1100 | D:2      | Reached skill level 1 in Necromancy
  1100 | D:2      | Reached skill level 1 in Translocations
  1100 | D:2      | Reached skill level 1 in Transmutations
  1100 | D:2      | Reached skill level 1 in Fire Magic
  1100 | D:2      | Reached skill level 1 in Ice Magic
  1100 | D:2      | Reached skill level 1 in Air Magic
  1100 | D:2      | Reached skill level 1 in Earth Magic
  1100 | D:2      | Reached skill level 1 in Poison Magic
  1100 | D:2      | Noticed Natasha
  1105 | D:2      | Killed Natasha
  1275 | D:2      | Noticed Natasha
  1281 | D:2      | Killed Natasha
  1282 | D:2      | Reached XP level 5. HP: 39/47 MP: 7/7
  1409 | D:3      | Found a faded altar of an unknown god.
  1438 | D:3      | Identified the +8 mace of Zozep {spect, Dex+3}
  1448 | D:3      | Noticed Robin
  1457 | D:3      | Killed Robin
  1987 | D:3      | Found a runed translucent door.
  1988 | D:3      | Noticed Crazy Yiuf
  2239 | D:4      | Noticed an ogre
  2243 | D:4      | Killed an ogre
  2244 | D:4      | Reached skill level 5 in Axes
  2244 | D:4      | Reached XP level 6. HP: 53/53 MP: 7/9
  2749 | D:5      | Entered Level 5 of the Dungeon
  3213 | D:5      | Found a staircase to the Ecumenical Temple.
  3220 | D:5      | Reached XP level 7. HP: 48/60 MP: 10/10
  3231 | Temple   | Entered the Ecumenical Temple
  3274 | Temple   | Became a worshipper of Gozag Ym Sagoz the Greedy
  3929 | D:6      | Reached XP level 8. HP: 54/67 MP: 12/12
  4269 | D:6      | Found a glowing drain.
  4283 | Sewer    | Entered a sewer
  5006 | D:7      | Reached XP level 9. HP: 53/73 MP: 13/15
  5394 | D:7      | Found a sand-covered staircase.
  5408 | Ossuary  | Entered an ossuary
  5953 | D:7      | Identified the +3 ring mail "Yptaatia" {Dex+3}
  6099 | D:7      | Reached skill level 5 in Invocations
  6736 | D:8      | Noticed Maggie
  6744 | D:8      | Killed Maggie
  6745 | D:8      | Reached skill level 5 in Short Blades
  6745 | D:8      | Reached skill level 5 in Long Blades
  6745 | D:8      | Reached skill level 5 in Maces & Flails
  6745 | D:8      | Reached skill level 5 in Polearms
  6745 | D:8      | Reached skill level 5 in Staves
  6745 | D:8      | Reached skill level 5 in Ranged Weapons
  6745 | D:8      | Reached skill level 5 in Throwing
  6745 | D:8      | Reached skill level 5 in Dodging
  6745 | D:8      | Reached skill level 5 in Stealth
  6745 | D:8      | Reached skill level 5 in Unarmed Combat
  6745 | D:8      | Reached skill level 5 in Spellcasting
  6745 | D:8      | Reached skill level 5 in Evocations
  6745 | D:8      | Reached XP level 10. HP: 81/81 MP: 17/17
  6960 | D:8      | Noticed Pikel
  6967 | D:8      | Killed Pikel
  7047 | D:8      | Found a white marble altar of Elyvilon.
  7153 | D:8      | Noticed a tengu warrior
  7156 | D:8      | Found an ancient bone altar of Kikubaaqudgha.
  7167 | D:8      | Killed a tengu warrior
  7299 | D:8      | Found a shimmering altar of Xom.
  7302 | D:8      | Found a stormy altar of Qazlal.
  7303 | D:8      | Found a glowing silver altar of Zin.
  7303 | D:8      | Found a radiant altar of Vehumet.
  7303 | D:8      | Found a blossoming altar of Fedhas.
  7303 | D:8      | Found a sparkling altar of Nemelex Xobeh.
  7305 | D:8      | Found a basalt altar of Yredelemnul.
  7308 | D:8      | Found a shadowy altar of Dithmenos.
  7466 | D:9      | Found a flagged portal.
  7466 | D:9      | Noticed a two-headed ogre
  7494 | D:9      | Killed a two-headed ogre
  7595 | Bailey   | Entered a bailey
  7641 | Bailey   | Noticed an orc knight
  7652 | Bailey   | Killed an orc knight
  7780 | Bailey   | Noticed an orc knight
  7789 | Bailey   | Killed an orc knight
  7790 | Bailey   | Reached skill level 5 in Conjurations
  7790 | Bailey   | Reached skill level 5 in Hexes
  7790 | Bailey   | Reached skill level 5 in Summonings
  7790 | Bailey   | Reached skill level 5 in Necromancy
  7790 | Bailey   | Reached skill level 5 in Translocations
  7790 | Bailey   | Reached skill level 5 in Transmutations
  7790 | Bailey   | Reached skill level 5 in Fire Magic
  7790 | Bailey   | Reached skill level 5 in Ice Magic
  7790 | Bailey   | Reached skill level 5 in Air Magic
  7790 | Bailey   | Reached skill level 5 in Earth Magic
  7790 | Bailey   | Reached skill level 5 in Poison Magic
  7790 | Bailey   | Reached XP level 11. HP: 70/89 MP: 18/20
  8298 | Bailey   | Noticed an orc sorcerer
  8305 | Bailey   | Paralysed by an orc sorcerer for 3 turns
  8310 | Bailey   | Killed an orc sorcerer
  8455 | Bailey   | Noticed an orc knight
  8571 | Bailey   | Found an iron altar of Okawaru.
  8571 | Bailey   | Noticed an orc sorcerer
  8571 | Bailey   | Noticed an orc knight
  8578 | Bailey   | Killed an orc sorcerer
  8582 | Bailey   | Killed an orc knight
  8609 | Bailey   | Killed an orc knight
  8838 | Bailey   | Reached XP level 12. HP: 97/97 MP: 20/22
  9011 | Bailey   | Acquired the +1 pair of gloves "Orunorer" {Rampage rPois
                  | rF++}
  9163 | D:9      | Noticed Erolcha
  9174 | D:9      | Killed Erolcha
  9181 | D:9      | Reached skill level 10 in Fighting
  9181 | D:9      | Reached skill level 10 in Armour
  9181 | D:9      | Reached skill level 10 in Shields
  9825 | D:10     | Entered Level 10 of the Dungeon
  9843 | D:10     | Found a broken altar of Ashenzari.
  9889 | D:10     | Noticed Sonja
  9898 | D:10     | Killed Sonja
  9980 | D:10     | Acquired 408 gold pieces
 11610 | D:11     | Noticed a two-headed ogre
 11618 | D:11     | Killed a two-headed ogre
 11951 | D:11     | Identified the +4 ring mail of a Hundred Interlopers
                  | {Rampage rPois Will+ Regen+}
 12303 | D:11     | Found a staircase to the Lair.
 12499 | D:11     | Found a staircase to the Orcish Mines.
 12545 | D:11     | Reached XP level 13. HP: 95/104 MP: 24/24
 12836 | D:12     | Found Ryir's Armour Shop.
 13011 | D:12     | Found Syh Zeeh's Magic Scroll Boutique.
 13031 | D:12     | Bought a scroll of blinking for 120 gold pieces
 14380 | Lair:1   | Entered Level 1 of the Lair of Beasts
 15392 | Lair:1   | Reached skill level 10 in Axes
 15972 | Lair:2   | Found a dark tunnel.
 15996 | Volcano  | Entered a volcano
 16997 | Lair:2   | Reached XP level 14. HP: 106/113 MP: 27/27
 17530 | Lair:2   | Reached skill level 10 in Invocations
 17749 | Lair:3   | Noticed Kirke
 17757 | Lair:3   | Noticed a sphinx
 17759 | Lair:3   | Killed Kirke
 18226 | Lair:3   | Found a staircase to the Snake Pit.
 18645 | Lair:3   | Found a staircase to the Shoals.
 19662 | Lair:4   | Identified the +3 ring mail "Irghyequo" {rElec Will+}
 20152 | D:1      | Bought a tower shield for 81 gold pieces
 20443 | Lair:5   | Entered Level 5 of the Lair of Beasts
 20475 | Lair:4   | Found a runed translucent door.
 20475 | Lair:4   | Noticed an acid blob
 20476 | Lair:4   | Found a staircase to the Slime Pits.
 20872 | Lair:5   | Identified the +3 robe "Vimuon" {rElec rC- Str+4}
 21603 | Lair:5   | Identified the ring of Meucigygo {rPois rN+ AC+4 Str+3}
 21681 | Lair:5   | Reached skill level 10 in Short Blades
 21681 | Lair:5   | Reached skill level 10 in Long Blades
 21681 | Lair:5   | Reached skill level 10 in Maces & Flails
 21681 | Lair:5   | Reached skill level 10 in Polearms
 21681 | Lair:5   | Reached skill level 10 in Staves
 21681 | Lair:5   | Reached skill level 10 in Ranged Weapons
 21681 | Lair:5   | Reached skill level 10 in Throwing
 21681 | Lair:5   | Reached skill level 10 in Dodging
 21681 | Lair:5   | Reached skill level 10 in Stealth
 21681 | Lair:5   | Reached skill level 10 in Unarmed Combat
 21681 | Lair:5   | Reached skill level 10 in Spellcasting
 21681 | Lair:5   | Reached skill level 10 in Evocations
 21952 | Lair:5   | Reached XP level 15. HP: 120/120 MP: 29/29
 22354 | Abyss:1  | Cast into level 1 of the Abyss (spriggan)
 22490 | Abyss:1  | Noticed a hellephant
 22565 | Abyss:1  | Noticed a bone dragon
 22593 | Abyss:1  | Killed a bone dragon
 22605 | Abyss:1  | Noticed a lich
 22721 | Abyss:2  | Noticed a tentacled starspawn
 22729 | Abyss:2  | Killed a tentacled starspawn
 22817 | Lair:5   | Escaped the Abyss
 23009 | Lair:5   | Found the +8 longbow "Zephyr" {speed, Dex+3 SInv}
 23289 | Lair:5   | Found a corrupted altar of Lugonu.
 23289 | Lair:5   | Found a one-way gate to the infinite horrors of the Abyss.
 23905 | Orc:1    | Entered Level 1 of the Orcish Mines
 23967 | Orc:2    | Entered Level 2 of the Orcish Mines
 24260 | Orc:2    | Found a staircase to the Elven Halls.
 24276 | Orc:1    | Noticed Harold
 24289 | Orc:1    | Killed Harold
 24437 | Orc:2    | Noticed an orc warlord
 24528 | Orc:2    | Found Gadwauxt's Weapon Boutique.
 24528 | Orc:2    | Found Raocwexa's Antique Armour Emporium.
 25239 | Orc:2    | Killed an orc warlord
 26525 | Orc:2    | Found Haobagh's Assorted Antiques.
 26566 | Orc:2    | Found Vomymeum's Antique Weapon Shop.
 27181 | Orc:1    | Noticed Gastronok
 27193 | Orc:1    | Killed Gastronok
 28130 | D:13     | Found a portal to a secret trove of treasure.
 28221 | D:13     | Got Qeymog's Compilation of Unstable Incineration
 28451 | D:14     | Noticed Azrael
 28452 | D:14     | Reached XP level 16. HP: 114/129 MP: 24/30
 28471 | D:14     | Killed Azrael
 29008 | D:14     | Noticed Lodul
 29022 | D:14     | Killed Lodul
 29231 | D:14     | Noticed Rupert
 29243 | D:14     | Killed Rupert
 31895 | D:14     | Found a gate to the Vaults.
 32268 | D:15     | Entered Level 15 of the Dungeon
 32378 | D:15     | Found a staircase to the Depths.
 32466 | D:15     | Mangled by an ettin

Illustrated notes

Levels and vault maps discovered:
D:1:      psy_arrival_statuary, layout_basic, serial_shops, shop_fountains,
          item_on_display_a
D:2:      layout_basic, uniq_terence, uniq_natasha
D:3:      layout_rooms, ebering_ecumenical_altar_petrified,
          minmay_increasing_density, uniq_crazy_yiuf_cottage, uniq_robin
D:4:      layout_rooms
D:5:      layout_basic, minmay_temple_entry_overgrown
D:6:      layout_rooms, portal_sewer_entry_d, minmay_gold_behind_fungi,
          eino_small_chamber_without_monster, nicolae_kite_square_tiling_tiny
D:7:      layout_cave_pods, nicolae_ossuary_entry_monument, serial_glass,
          glass_columns_b, glass_columns_c, minmay_misc_feat_cross,
          minmay_diced_spiral
D:8:      layout_basic, minitemple, nicolae_overflow_hidden_temple, uniq_pikel,
          uniq_maggie
D:9:      layout_rooms, enter_bailey_5, uniq_erolcha
D:10:     layout_rooms, mainiacjoe_overflow_concentric_impassable,
          nicolae_lava_and_water, uniq_sonja
D:11:     layout_cave_pods, david_lair_generic, david_orc_1_choice
D:12:     layout_basic, serial_shops, shop, nicolae_square_shop,
          hangedman_decor_riveting
D:13:     layout_basic, nicolae_trove_entry_crossroad, worms_lemuel
D:14:     layout_stronghold, hangedman_vaults_entry_quadrant_bands,
          kennysheep_generic_room_7, uniq_lodul, uniq_rupert, uniq_azrael
D:15:     hangedman_depths_entry_civil_slaughter, layout_loops_ring,
          nicolae_concentric_dashed_squares_wild
Temple:   chequers_temple_sunken
Lair:1:   layout_hall_layers, chequers_serial_rivers_micro_e
Lair:2:   beast_lair_carwin_large_1, layout_hall_layers, enter_volcano_2,
          infiniplex_staircase_pool_2, lemuel_fruit_fields,
          serial_bayou_shore_b, serial_bayou_shore_b
Lair:3:   layout_loops_ring, elwin_shoals_entry_rooms,
          minmay_snake_entry_guardpost_medium, ice2_lemuel, uniq_kirke
Lair:4:   layout_misc_corridors, slime_entry_2, kennysheep_basilisk_garden
Lair:5:   hellmonk_lair_end_abyssal_woods, layout_misc_corridors,
          lemuel_fruit_fields, lemuel_fruit_tree, serial_bayou_shore_a
Orc:1:    layout_diamond_mine, portal_ice_cave_entry_animals_and_master,
          uniq_harold, uniq_gastronok
Orc:2:    st_orc_open, layout_caves

Skill      XL: |  1  2  3  4  5  6  7  8  9 10 11 12 13 14 15 16 |
---------------+-------------------------------------------------+-----
Short Blades   | 1 2 3 4 5 6 7 9 10 11 | 11.2
Long Blades    | 1 2 3 4 5 6 7 9 10 11 | 11.2
Maces & Flails | 1 2 3 4 5 6 7 9 10 11 | 11.2
Polearms       | 1 2 3 4 5 6 7 9 10 11 | 11.2
Staves         | 1 2 3 4 5 6 7 9 10 11 | 11.2
Ranged Weapons | 1 2 3 4 5 6 7 9 10 11 | 11.2
Throwing       | 1 2 3 4 5 6 7 9 10 11 | 11.2
Dodging        | 1 2 3 4 5 6 7 9 10 11 | 11.2
Stealth        | 1 2 3 4 5 6 7 9 10 11 | 11.2
Unarmed Combat | 1 2 3 4 5 6 7 9 10 11 | 11.2
Spellcasting   | 1 2 3 4 5 6 7 9 10 11 | 11.2
Invocations    | 1 2 3 4 5 6 8 9 10 11 12 | 12.2
Evocations     | 1 2 3 4 5 6 7 9 10 11 | 11.2
Conjurations   | 1 2 3 4 5 6 7 8 9 |  9.5
Hexes          | 1 2 3 4 5 6 7 8 9 |  9.5
Summonings     | 1 2 3 4 5 6 7 8 9 |  9.5
Necromancy     | 1 2 3 4 5 6 7 8 9 |  9.5
Translocations | 1 2 3 4 5 6 7 8 9 |  9.5
Transmutations | 1 2 3 4 5 6 7 8 9 |  9.5
Fire Magic     | 1 2 3 4 5 6 7 8 9 |  9.5
Ice Magic      | 1 2 3 4 5 6 7 8 9 |  9.5
Air Magic      | 1 2 3 4 5 6 7 8 9 |  9.5
Earth Magic    | 1 2 3 4 5 6 7 8 9 |  9.5
Poison Magic   | 1 2 3 4 5 6 7 8 9 |  9.5
Axes           | 5 6 7 8 9 10 11 12 | 12.1
Fighting       | 7 8 9 10 11 12 | 12.9
Armour         | 7 8 9 10 11 12 | 12.9
Shields        | 7 8 9 10 11 12 | 12.9

Action                     |  1- 3 |  4- 6 |  7- 9 | 10-12 | 13-15 | 16-18 || total
---------------------------+-------+-------+-------+-------+-------+-------++-------
  Melee: War axe           |    58 |    43 |       |       |       |       ||   101
         Bite              |     2 |     7 |    30 |    34 |   211 |    44 ||   328
         Mace              |       |    61 |   312 |   290 |  1270 |   244 ||  2177
  Throw: Boomerang         |       |       |       |       |    73 |    17 ||    90
 Invoke: Potion Petition   |       |       |       |       |    12 |     2 ||    14
  Evoke: Wand              |       |       |       |     4 |    23 |     3 ||    30
    Use: Scroll            |       |     4 |    15 |     9 |    17 |     5 ||    50
         Potion            |       |     1 |       |     6 |    18 |     3 ||    28
   Stab: Distracted        |       |       |     4 |     3 |    34 |     9 ||    50
         Invisible         |       |       |       |     1 |    16 |     3 ||    20
 Armour: Scale mail        |    30 |    28 |       |       |       |       ||    58
         Plate armour      |       |    38 |   193 |   129 |   730 |   222 ||  1312
  Dodge: Dodged            |    33 |    42 |    87 |   190 |   692 |    99 ||  1143
  Block: Buckler           |    15 |    32 |    71 |   111 |   164 |       ||   393
         Tower shield      |       |       |       |       |   851 |   328 ||  1179

Table legend: (Time is in decaauts)
 A = Elapsed time spent in this place.
 B = Non-inter-level travel time spent in this place.
 C = Inter-level travel time spent in this place.
 D = Time resting spent in this place.
 E = Time spent auto-exploring this place.
 F = Levels seen in this place.
 G = Mean time per level.
                   A        B        C        D        E       F      G
               +--------+--------+--------+--------+--------+-----+--------+
         Total |  32862 |  30993 |   1869 |  10857 |  13918 |  30 | 1095.4 |
       Dungeon |  17400 |  16174 |   1226 |   5201 |   8217 |  15 | 1160.0 |
        Temple |     51 |     46 |      5 |      0 |     32 |   1 |   51.0 |
          Lair |   7841 |   7345 |    496 |   2093 |   3839 |   5 | 1568.2 |
  Orcish Mines |   3817 |   3675 |    142 |   2061 |    973 |   2 | 1908.5 |
         Abyss |    478 |    478 |      0 |    122 |     34 |   3 |  159.3 |
         Sewer |    505 |    505 |      0 |      0 |    322 |   1 |  505.0 |
       Ossuary |    356 |    356 |      0 |      0 |    160 |   1 |  356.0 |
        Bailey |   1559 |   1559 |      0 |    902 |    232 |   1 | 1559.0 |
       Volcano |    851 |    851 |      0 |    478 |    107 |   1 |  851.0 |
               +--------+--------+--------+--------+--------+-----+--------+

Top non-repeatable levels by time:
    D:14: 2825 daAuts
   Orc:1: 2696 daAuts
  Lair:5: 2553 daAuts
    D:13: 2465 daAuts
  Lair:1: 1661 daAuts
    D:10: 1583 daAuts
  Bailey: 1559 daAuts
     D:7: 1356 daAuts
  Lair:3: 1349 daAuts
  Lair:4: 1289 daAuts
     D:5: 1158 daAuts
   Orc:2: 1120 daAuts
    D:11: 1071 daAuts
     D:9: 1052 daAuts
  Lair:2: 988 daAuts
